 Dungeon Crawl Stone Soup version 0.26-a0-665-gefeb406119 (webtiles) character file.

Game seed: 16101750154628478529

2 jasper the Sneak (level 1, 0/11 HPs)
             Began as a Vine Stalker Delver on Oct 15, 2020.
             Succumbed to a worker ant's poison
             ... on level 4 of the Dungeon.
             The game lasted 00:00:47 (315 turns).

jasper the Sneak (Vine Stalker Delver)               Turns: 315, Time: 00:00:48

Health: 0/11       AC:  3    Str: 14    XL:     1   Next: 30%
Magic:  0/2        EV: 12    Int: 10    God:
Gold:   79         SH:  0    Dex: 15    Spells: 0/0 levels left

rFire    . . .     SeeInvis .     - Unarmed
rCold    . . .     Faith    .   (no shield)
rNeg     . . .     Spirit   +   a - +0 leather armour
rPois    .         Reflect  .   (no helmet)
rElec    .         Harm     .   (no cloak)
rCorr    .         Rampage  .   (no gloves)
MR       .....                  (no boots)
Stlth    +++.......             (no amulet)
HPRegen  0.03/turn              (no ring)
MPRegen  0.08/turn              (no ring)

@: lethally poisoned (0 -> -16), hasted, very quick
A: fangs 2, magic shield, antimagic bite, no potion heal 3, rot immunity
a: no special abilities


You were on level 4 of the Dungeon.
You visited 1 branch of the dungeon, and saw 3 of its levels.

You collected 79 gold pieces.

Inventory:

Missiles
 g - 21 stones (quivered)
Armour
 a - a +0 leather armour (worn)
Wands
 f - a wand of digging (3)
Scrolls
 b - a scroll of fog
 c - a scroll of magic mapping
 d - a scroll of fear
 i - 2 scrolls of remove curse {unknown}


   Skills:
 + Level 2.7 Fighting
 + Level 1.6 Dodging
 - Level 6.0 Stealth
 * Level 2.1 Unarmed Combat


You couldn't memorise any spells.
You didn't know any spells.
Your spell library was empty.

Dungeon Overview and Level Annotations

Branches:
Dungeon (6/15)
 Temple: D:4-7

Altars:
Dithmenos
Fedhas
Kikubaaqudgha

Annotations:
D:5 Dowan, Duvessa


Innate Abilities, Weirdness & Mutations

You have extremely sharp teeth.
When hurt, damage is shared between your health and your magic reserves.
Your bite disrupts and absorbs the magic of your enemies.
Potions cannot restore your health.
You are immune to rotting.


Message History

The worker ant is heavily wounded.
You hit the worker ant but do no damage.
The worker ant is heavily wounded.
The worker ant completely misses you.
You hit the worker ant but do no damage.
The worker ant is heavily wounded.
* * * LOW HITPOINT WARNING * * *
You feel sick. The worker ant bites you.
* * * LOW HITPOINT WARNING * * *
You are more poisoned.
The worker ant poisons you!
You take 3 damage, and have 1/11 hp.
MASSIVE DAMAGE!!
You now have 1/2 mp.
It was a potion of curing.
Your system rejects the healing.
You feel better. The worker ant bites you.
You are lethally poisoned!
The worker ant poisons you!
You now have 0/2 mp.
You hit the worker ant.
The worker ant is heavily wounded.
You die...

..... #....
.... ... ..#
##..###
#.....# ##@#
###B.# #.(.##
#.### #.# ###
#.# . ...##.#
..##.#.B#### #
...........#.#


You could see a worker ant.

Vanquished Creatures
  An orc (D:6)
1 creature vanquished.

Notes
Turn   | Place    | Note
-------+----------+-------------------------------------------
     0 | D:5      | jasper the Vine Stalker Delver began the quest for the Orb.
     0 | D:5      | Reached XP level 1. HP: 11/11 MP: 2/2
   190 | D:6      | Noticed a wight
   190 | D:6      | Noticed a wight
   274 | D:5      | Found a shadowy altar of Dithmenos.
   274 | D:5      | Found an ancient bone altar of Kikubaaqudgha.
   275 | D:5      | Found a blossoming altar of Fedhas.
   277 | D:5      | Noticed Dowan
   280 | D:5      | Noticed Duvessa
   283 | D:4      | Noticed a worker ant
   283 | D:4      | Noticed a worker ant
   315 | D:4      | Succumbed to a worker ant's poison

Illustrated notes

Levels and vault maps discovered:
D:4:      layout_rooms, kennysheep_mini_moat, lemuel_doored_altar, uniq_sigmund
D:5:      cheibrodos_helix_gallery, layout_basic,
          chequers_temple_overflow_statue_of_worship,
          minmay_temple_entry_sparse_star, serial_shops, nicolae_shop_crystal,
          uniq_duvessa, uniq_grinder
D:6:      layout_basic, grunt_gozag_statues

Action                   || total
-------------------------++-------
Melee: Unarmed           ||    22
       Bite              ||     8
       Punch             ||     1
Throw: Stone             ||     1
  Use: Potion            ||     2
Armor: Leather armour    ||     1
Dodge: Dodged            ||    10

Table legend: (Time is in decaauts)
 A = Elapsed time spent in this place.
 B = Non-inter-level travel time spent in this place.
 C = Inter-level travel time spent in this place.
 D = Time resting spent in this place.
 E = Time spent auto-exploring this place.
 F = Levels seen in this place.
 G = Mean time per level.
                   A        B        C        D        E       F      G
               +--------+--------+--------+--------+--------+-----+--------+
         Total |    308 |    242 |     66 |      0 |    172 |   3 |  102.7 |
       Dungeon |    308 |    242 |     66 |      0 |    172 |   3 |  102.7 |
               +--------+--------+--------+--------+--------+-----+--------+

Top non-repeatable levels by time:
     D:6: 261 daAuts
     D:4: 25 daAuts
     D:5: 21 daAuts
